 Dungeon Crawl Stone Soup version 0.19-a0-1827-g174f941 (webtiles) character file.

1976 xeno23 the Ruffian (level 9, -7/72 (73) HPs)
             Began as a Ghoul Necromancer on Oct 7, 2016.
             Was a Follower of Kikubaaqudgha.
             Mangled by an orc warrior
             ... wielding a +0 long sword
              (16 damage)
             ... on level 6 of the Dungeon.
             The game lasted 00:30:24 (6968 turns).

xeno23 the Ruffian (Ghoul Necromancer)              Turns: 6968, Time: 00:30:25

HP:   -7/72 (73)    AC:  6    Str: 15    XL:     9   Next: 20%
MP:   5/11          EV: 12    Int: 10    God:    Kikubaaqudgha [*.....]
Gold: 413           SH:  4    Dex:  9    Spells: 4 memorised, 5 levels left

rFire  . . .     SeeInvis .     J - +1 whip (elec)
rCold  + . .     Gourm    .     s - +0 ring mail
rNeg   + + +     Faith    .     v - +0 buckler
rPois  ∞         Spirit   .     (no helmet)
rElec  .         Dismiss  .     l - +0 cloak
rCorr  .         Reflect  .     (no gloves)
MR     .....     Harm     +     (no boots)
Stlth  +.........               D - amulet of harm
                                (no ring)
                                (no ring)

@: very slightly contaminated, rotting
A: rotting body, claws 1, carnivore 3, cold resistance 1, negative energy
resistance 3, slow regeneration 1, torment resistance, unbreathing
a: Receive Corpses, Renounce Religion


You were on level 6 of the Dungeon.
You worshipped Kikubaaqudgha.
Kikubaaqudgha was aware of your devotion.
You were not hungry.

You visited 2 branches of the dungeon, and saw 9 of its levels.

You collected 413 gold pieces.

Inventory:

Hand Weapons
 j - a +2 vampiric short sword
 z - a +3 quarterstaff of chaos
 J - a +1 whip of electrocution (weapon)
Missiles
 B - 30 poisoned needles
Armour
 l - a +0 cloak (worn)
 r - a +0 chain mail
 s - a +0 ring mail (worn)
 v - a +0 buckler (worn)
 C - a +2 pair of gloves
Jewellery
 o - a +4 ring of strength
 w - a +3 ring of slaying
 D - an amulet of harm (around neck)
 K - an uncursed ring of resist corrosion
Wands
 A - a wand of flame (20/48)
 O - a wand of polymorph (5/24)
Scrolls
 e - 2 scrolls of identify
 g - 2 scrolls of enchant weapon {unknown}
 i - 5 scrolls of immolation
 k - a scroll of remove curse
 m - 2 scrolls of enchant armour {unknown}
 q - 6 scrolls of teleportation
 x - 3 scrolls of random uselessness {unknown}
 y - 3 scrolls of amnesia {unknown}
 E - a scroll of fog {unknown}
 M - a scroll of summoning {unknown}
 N - a scroll of holy word {unknown}
Potions
 a - a potion of curing
 d - 2 potions of flight
 h - a potion of ambrosia
 n - 2 potions of heal wounds
 p - 2 potions of berserk rage
 t - 2 potions of cure mutation
 u - a potion of invisibility
 F - a potion of might
 G - a potion of mutation {unknown}
 I - a potion of brilliance {unknown}
Books
 b - a book of Necromancy

   Spells                             Type                      Level
   a - Pain                           Necromancy                   1
   b - Animate Skeleton               Necromancy                   1
   c - Vampiric Draining              Necromancy                   3
   d - Regeneration                   Charms/Necromancy            3
   e - Animate Dead                   Necromancy                   4
   f - Control Undead                 Necromancy                   4
 L - Kikubaaqudgha's Volume of Unholy Secrets
   (Kikubaaqudgha gifted it to you on level 6 of the Dungeon)

   Spells                             Type                      Level
   a - Animate Skeleton               Necromancy                   1
   b - Pain                           Necromancy                   1
   c - Corpse Rot                     Necromancy                   2
   d - Regeneration                   Charms/Necromancy            3
   e - Control Undead                 Necromancy                   4
Comestibles
 c - 3 meat rations
 f - 2 slices of pizza


   Skills:
 + Level 4.8 Fighting
 + Level 4.4 Dodging
 - Level 2.1 Stealth
 - Level 4.5 Shields
 * Level 7.0 Unarmed Combat
 - Level 2.0 Spellcasting
 + Level 1.1 Charms
 + Level 6.1 Necromancy


You had 5 spell levels left.
You knew the following spells:

 Your Spells              Type           Power        Failure   Level  Hunger
a - Pain                  Necr           ##..         6%          1    ##.....
d - Corpse Rot            Necr           N/A          10%         2    ###....
e - Regeneration          Chrm/Necr      #.........   43%         3    ####...
s - Animate Skeleton      Necr           N/A          6%          1    ##.....


Dungeon Overview and Level Annotations

Branches:
Dungeon (8/15)             Temple (1/1) D:4
   Lair: D:8-11

Altars:
Ashenzari
Cheibriados
Dithmenos
Elyvilon
Fedhas
Gozag
Hepliaklqana
Kikubaaqudgha
Makhleb
Okawaru
Qazlal
Ru
Sif Muna
Trog
Uskayaw
Vehumet
Xom
Yredelemnul
Zin
The Shining One

Shops:
D:7 }

Annotations:
D:4 1 exclusion


Innate Abilities, Weirdness & Mutations

Your body is rotting away.
You thrive on raw meat.
You are immune to poison.
You have sharp fingernails.
You are carnivorous and can eat meat at any time.
Your flesh is cold resistant. (rC+)
You are immune to negative energy. (rN+++)
You regenerate slowly when monsters are visible.
You are immune to unholy pain and torment.
You can survive without breathing.


Message History

Press: ? - help, v - describe, . - travel
Here: an orc warrior, wielding a long sword and wearing a plate armour (lightly wounded)
The floor.
Unknown command.
Your skin is crawling a little less now.
Your skin stops crawling.
There is an open door here.
There is a stone staircase leading up here.
You block the orc warrior's attack.
You climb upwards.
There is a stone staircase leading down here.
There is a stone staircase leading up here.
The orc warrior hits you with a long sword!
* * * LOW HITPOINT WARNING * * *
You climb upwards.
There is a stone staircase leading down here.
You take 8 damage.
The orc warrior hits you with a long sword!
You die...
Kikubaaqudgha rasps: "You have failed me!
Welcome... oblivion!"

##.## #.####.###.....# #.#
##'## #.# ###.#.# #.#
##...###.# #.#.# ##.#
##.....##.#####.#.# ##..#
##.......#.......#.#
##...####..........###...#.###
#.......'.....................
##.....##..........##......###
###.....###...@o>.#.##.#.####
#.......# ##.....##.##.#.#
#.#.....## ##...###.##.#.#
#.#......#####+## #......#
#.##........##.# ####.###
#.##.#.###..##.# #.#
#..............## #.#
####.#.###..#...## #.#
#.##.#.#......# #.#


You could see an orc warrior.

Vanquished Creatures
  Sigmund (D:4)
  2 orc warriors
  2 necrophages (D:6)
  2 ogres
  A centaur (D:5)
  2 bullfrogs (D:3)
  A howler monkey (D:6)
  2 crimson imps
  A quasit (D:5)
  A centaur zombie (D:6)
  An orc priest (D:6)
  2 centaur skeletons
  A gnoll shaman (D:4)
  An iguana (D:6)
  2 hounds
  Crazy Yiuf (D:2)
  A bullfrog skeleton (D:6)
  Jessica (D:3)
  5 worker ants
  Natasha (thrice) (D:4)
  3 orc wizards
  A hound zombie (D:7)
  A hound skeleton (D:5)
  12 adders
  4 gnolls
  2 shadow imps (D:5)
  2 oozes
  An adder skeleton (D:4)
  4 worms
  5 dart slugs
  2 leopard geckos
  16 orcs
  2 ball pythons
  7 giant cockroaches
  10 hobgoblins
  8 jackals
  4 kobolds
  3 quokkas
  4 bats
  14 frilled lizards
  5 goblins
  2 quokka skeletons
  A quokka zombie (D:7)
  9 rats
155 creatures vanquished.

Notes
Turn   | Place    | Note
-------+----------+-------------------------------------------
     0 | D:1      | xeno23 the Ghoul Necromancer began the quest for the Orb.
     0 | D:1      | Reached XP level 1. HP: 14/14 MP: 2/2
   265 | D:1      | Reached skill level 1 in Unarmed Combat
   265 | D:1      | Reached XP level 2. HP: 16/20 MP: 3/3
   726 | D:1      | Reached XP level 3. HP: 26/26 MP: 0/5
   736 | D:1      | Learned a level 3 spell: Regeneration
  1057 | D:2      | Reached skill level 2 in Unarmed Combat
  1152 | D:2      | Learned a level 1 spell: Animate Skeleton
  1271 | D:2      | Reached skill level 1 in Fighting
  1271 | D:2      | Reached XP level 4. HP: 32/35 MP: 3/6
  1762 | D:2      | Noticed Natasha
  1828 | D:2      | Found a runed door.
  2009 | D:2      | Noticed Crazy Yiuf
  2015 | D:2      | Killed Crazy Yiuf
  2075 | D:2      | Reached XP level 5. HP: 37/40 MP: 4/7
  2285 | D:3      | Reached skill level 1 in Shields
  2648 | D:3      | Reached skill level 3 in Unarmed Combat
  2849 | D:3      | Reached XP level 6. HP: 48/48 MP: 8/8
  2919 | D:3      | Noticed Jessica
  2931 | D:3      | Killed Jessica
  3200 | D:4      | Killed Natasha
  3203 | D:4      | Noticed Sigmund
  3313 | D:4      | Noticed Natasha
  3324 | D:4      | Killed Natasha
  3324 | D:4      | Reached skill level 4 in Unarmed Combat
  3324 | D:4      | Reached XP level 7. HP: 36/56 MP: 5/9
  3570 | D:4      | Noticed Natasha
  3576 | D:4      | Killed Natasha
  3576 | D:4      | Reached skill level 5 in Necromancy
  3736 | D:5      | Entered Level 5 of the Dungeon
  4567 | D:4      | Found a staircase to the Ecumenical Temple.
  4578 | Temple   | Entered the Ecumenical Temple
  4716 | Temple   | Became a worshipper of Kikubaaqudgha
  4891 | D:4      | Reached skill level 5 in Unarmed Combat
  4893 | D:4      | Reached XP level 8. HP: 58/63 MP: 3/10
  5071 | D:4      | Killed Sigmund
  5092 | D:6      | Found a shimmering altar of Xom.
  5092 | D:6      | Noticed an angel
  5107 | D:6      | Found a glowing silver altar of Zin.
  5128 | D:6      | Reached skill level 6 in Unarmed Combat
  5356 | D:6      | Reached XP level 9. HP: 49/72 MP: 8/11
  5392 | D:6      | Reached * piety under Kikubaaqudgha
  5392 | D:6      | Identified Kikubaaqudgha's Volume of Unholy Secrets (Kikubaaqudgha gifted it to you on level 6 of the Dungeon)
  5392 | D:6      | Received a gift from Kikubaaqudgha
  6049 | D:7      | Found a hazy altar of Hepliaklqana.
  6049 | D:7      | Found an opulent altar of Gozag.
  6328 | D:7      | Reached skill level 7 in Unarmed Combat
  6328 | D:7      | Reached skill level 1 in Charms
  6357 | D:7      | Learned a level 2 spell: Corpse Rot
  6625 | D:7      | Found Digac's Quality Used Wands.
  6968 | D:6      | Mangled by an orc warrior

Vault maps used:
D:1:      zelgadis_glass_arrival_small
D:2:      uniq_crazy_yiuf_cottage, uniq_natasha
D:3:      first_bread, uniq_jessica
D:4:      cheibrodos_quashed, kennysheep_crisscross, uniq_sigmund
D:6:      grunt_temple_overflow_order_and_chaos_1, minivault_11
D:7:      grunt_temple_overflow_open, nicolae_for_you_no_charge
D:8:      basic_altar
Temple:   eino_temple_rhombus

Skill      XL: |  1  2  3  4  5  6  7  8  9 |
---------------+----------------------------+-----
Dodging        | 2 3 4 |  4.4
Unarmed Combat | 1 2 3 4 5 6 7 |  7.0
Spellcasting   | 2 |  2.0
Fighting       | 1 2 3 4 |  4.8
Shields        | 1 2 3 4 |  4.5
Necromancy     | 5 6 |  6.1
Charms         | 1 |  1.1
Stealth        | |  2.1

Action                   |  1- 3 |  4- 6 |  7- 9 || total
-------------------------+-------+-------+-------++-------
Melee: Unarmed           |   118 |   182 |   225 ||   525
       Whip              |       |       |    12 ||    12
 Cast: Pain              |    29 |    44 |    47 ||   120
       Regeneration      |       |       |     2 ||     2
  Use: Scroll            |       |     8 |     5 ||    13
 Stab: Sleeping          |     5 |     2 |       ||     7
  Eat: Chunk             |    18 |    22 |    11 ||    51
Armor: Robe              |    24 |    13 |       ||    37
       Ring mail         |       |    33 |    59 ||    92
Dodge: Dodged            |    68 |    85 |   109 ||   262
Block: Buckler           |       |    28 |    37 ||    65
